 Dungeon Crawl Stone Soup version 0.23-a0-489-g205b0b6 (webtiles) character file.

120 Leeroy the Charmwright (level 5, 0/43 HPs)
             Began as a Gnoll Skald on Dec 2, 2018.
             Was an Initiate of Okawaru.
             Slain by a hobgoblin (4 damage)
             ... on level 3 of the Dungeon.
             The game lasted 00:19:57 (2181 turns).

Leeroy the Charmwright (Gnoll Skald)                Turns: 2181, Time: 00:19:58

Health: 0/43       AC:  6    Str: 14    XL:     5   Next: 4%
Magic:  9/12       EV: 14    Int: 16    God:    Okawaru [......]
Gold:   123        SH:  0    Dex: 14    Spells: 3/14 levels left

rFire    . . .     SeeInvis .   c - +0 morningstar
rCold    . . .     Gourm    .   (no shield)
rNeg     . . .     Faith    .   b - +0 leather armour
rPois    .         Spirit   .   (no helmet)
rElec    .         Reflect  .   (no cloak)
rCorr    .         Harm     .   (no gloves)
MR       .....                  v - +2 pair of boots
Stlth    ++........             (no amulet)
HPRegen  0.14/turn              (no ring)
MPRegen  0.13/turn              (no ring)

@: singing (expiring), berserk cooldown, flying (expiring), slowed, very slow
A: distributed training, fangs 1, strong nose
a: Renounce Religion


You were on level 3 of the Dungeon.
You worshipped Okawaru.
Okawaru was noncommittal.
You were not hungry.

You visited 1 branch of the dungeon, and saw 3 of its levels.

You collected 123 gold pieces.

Inventory:

Hand Weapons
 a - a +0 falchion
 c - a +0 morningstar (weapon)
 e - a +0 club
 g - a +0 short sword
 h - a +0 dagger
 j - a +0 dagger
 l - a +0 dagger
 n - a +0 club
 r - a +0 short sword
 s - a +0 hunting sling
 w - a +0 short sword
 z - a +0 flail
 E - a +0 short sword
 F - a cursed +0 hand axe
Missiles
 x - 5 javelins (quivered)
 C - 43 arrows
 D - 29 stones
Armour
 b - a +0 leather armour (worn)
 o - a +0 leather armour
 q - a +0 shield
 v - a +2 pair of boots (worn)
Jewellery
 m - a +3 ring of intelligence {unknown}
 B - an uncursed ring of protection from magic {unknown}
Scrolls
 f - a scroll of fog {unknown}
 i - a scroll of teleportation {unknown}
 t - 3 scrolls of identify
 u - 2 scrolls of enchant armour {unknown}
 y - a scroll of amnesia {unknown}
Potions
 k - a potion of flight
Comestibles
 d - 5 rations


   Skills:
 + Level 4.7 Fighting
 + Level 1.3 Short Blades
 + Level 4.7 Long Blades
 + Level 1.3 Axes
 + Level 1.3 Maces & Flails
 + Level 1.3 Polearms
 + Level 1.3 Staves
 + Level 1.3 Slings
 + Level 1.3 Bows
 + Level 1.3 Crossbows
 + Level 1.3 Throwing
 + Level 2.8 Armour
 + Level 4.7 Dodging
 + Level 1.3 Stealth
 + Level 1.3 Shields
 + Level 1.3 Unarmed Combat
 + Level 5.1 Spellcasting
 + Level 1.0 Conjurations
 + Level 1.0 Hexes
 + Level 5.5 Charms
 + Level 1.0 Summonings
 + Level 1.0 Necromancy
 + Level 1.0 Translocations
 + Level 1.0 Transmutations
 + Level 1.0 Fire Magic
 + Level 1.0 Ice Magic
 + Level 1.0 Air Magic
 + Level 1.0 Earth Magic
 + Level 1.0 Poison Magic
 + Level 1.4 Invocations
 + Level 1.3 Evocations


You had 3 spell levels left.
You knew the following spells:

 Your Spells              Type           Power        Failure   Level  Hunger
a - Infusion              Chrm           ###.         1%          1    None
b - Shroud of Golubria    Chrm/Tloc      ##........   7%          2    #......
c - Song of Slaying       Chrm           ###.....     3%          2    #......
d - Spectral Weapon       Hex/Chrm       ##......     14%         3    ###....
e - Regeneration          Chrm/Necr      ##........   14%         3    ###....

Your spell library contained the following spells:

 Spells                   Type           Power        Failure   Level  Hunger


Dungeon Overview and Level Annotations

Branches:
Dungeon (3/15)

Altars:
Cheibriados
Fedhas
Gozag
Okawaru
Trog


Innate Abilities, Weirdness & Mutations

Your experience applies equally to all skills.
You have very sharp teeth.
Your uncanny sense of smell can sniff out nearby items.


Message History

The javelin hits the hobgoblin but does no damage.
You are starting to lose your buoyancy.
You feel sick.
The hobgoblin hits you but does no damage.
You hit the hobgoblin.
The hobgoblin is heavily wounded.
The hobgoblin hits you.
* * * LOW HITPOINT WARNING * * *
The hobgoblin closely misses you.
You feel sick.
You are no longer poisoned.
The hobgoblin closely misses you.
Your song is almost over.
Okay, then.
As you read the scroll labeled NOG ASTROSSE, it crumbles to dust.
The creatures around you are filled with an inner flame!
It was a scroll of immolation.
The hobgoblin hits you.
* * * LOW HITPOINT WARNING * * *
The hobgoblin hits you.
You die...

.......#.# #.# .......>.....
.......#.# #.###########.###.
.......#.#######.#...............
.................................
######.#.#######.#...........#.##
#.#.#######.###########.....
#.#................ ........
#.#########.################ #.#
#@# #.# #g# #.# #.# #.# #.# #(# ∆
..# #.# ###


You could see a hobgoblin (inner flame).

Vanquished Creatures
  4 adders
  An ooze (D:2)
  A worm (D:2)
  5 leopard geckos
  An orc (D:3)
  5 bats
  5 giant cockroaches
  9 goblins
  9 hobgoblins
  4 jackals (D:1)
  8 kobolds
  A ball python (D:1)
  7 frilled lizards
  6 rats
  4 plants (D:2)
70 creatures vanquished.

Notes
Turn   | Place    | Note
-------+----------+-------------------------------------------
     0 | D:1      | Leeroy the Gnoll Skald began the quest for the Orb.
     0 | D:1      | Reached XP level 1. HP: 20/20 MP: 6/6
    76 | D:1      | Reached XP level 2. HP: 11/26 MP: 1/7
    87 | D:1      | Learned a level 2 spell: Shroud of Golubria
    90 | D:1      | Learned a level 2 spell: Song of Slaying
   340 | D:1      | Reached XP level 3. HP: 24/31 MP: 7/9
   379 | D:1      | Reached skill level 5 in Spellcasting
   835 | D:2      | Reached skill level 1 in Invocations
  1035 | D:2      | Reached skill level 1 in Short Blades
  1035 | D:2      | Reached skill level 1 in Axes
  1035 | D:2      | Reached skill level 1 in Maces & Flails
  1035 | D:2      | Reached skill level 1 in Polearms
  1035 | D:2      | Reached skill level 1 in Staves
  1035 | D:2      | Reached skill level 1 in Slings
  1035 | D:2      | Reached skill level 1 in Bows
  1035 | D:2      | Reached skill level 1 in Crossbows
  1035 | D:2      | Reached skill level 1 in Throwing
  1035 | D:2      | Reached skill level 1 in Stealth
  1035 | D:2      | Reached skill level 1 in Shields
  1035 | D:2      | Reached skill level 1 in Unarmed Combat
  1035 | D:2      | Reached skill level 1 in Evocations
  1077 | D:2      | Reached XP level 4. HP: 38/38 MP: 11/11
  1148 | D:2      | Found a snail-covered altar of Cheibriados.
  1148 | D:2      | Found an iron altar of Okawaru.
  1149 | D:2      | Found a bloodstained altar of Trog.
  1163 | D:2      | Found a blossoming altar of Fedhas.
  1227 | D:2      | Became a worshipper of Warmaster Okawaru
  1282 | D:2      | Learned a level 3 spell: Spectral Weapon
  1286 | D:2      | Learned a level 3 spell: Regeneration
  1472 | D:2      | Found a faded altar of an unknown god.
  2015 | D:3      | Found an opulent altar of Gozag.
  2055 | D:3      | Reached skill level 1 in Conjurations
  2055 | D:3      | Reached skill level 1 in Hexes
  2055 | D:3      | Reached skill level 1 in Summonings
  2055 | D:3      | Reached skill level 1 in Necromancy
  2055 | D:3      | Reached skill level 1 in Translocations
  2055 | D:3      | Reached skill level 1 in Transmutations
  2055 | D:3      | Reached skill level 1 in Fire Magic
  2055 | D:3      | Reached skill level 1 in Ice Magic
  2055 | D:3      | Reached skill level 1 in Air Magic
  2055 | D:3      | Reached skill level 1 in Earth Magic
  2055 | D:3      | Reached skill level 1 in Poison Magic
  2162 | D:3      | Reached XP level 5. HP: 14/43 MP: 12/12
  2181 | D:3      | Slain by a hobgoblin

Vault maps used:
D:1:      elethiomel_arrival_quiet
D:2:      minmay_general_purpose_star, nicolae_overflow_quartered_altars,
          first_ration, chequers_ecumenical_altar_lobes
D:3:      lemuel_doored_altar

Skill      XL: |  1  2  3  4 |
---------------+-------------+-----
Spellcasting   | 5 |  5.1
Invocations    | 1 |  1.4
Short Blades   | 1 |  1.3
Axes           | 1 |  1.3
Maces & Flails | 1 |  1.3
Polearms       | 1 |  1.3
Staves         | 1 |  1.3
Slings         | 1 |  1.3
Bows           | 1 |  1.3
Crossbows      | 1 |  1.3
Throwing       | 1 |  1.3
Stealth        | 1 |  1.3
Shields        | 1 |  1.3
Unarmed Combat | 1 |  1.3
Evocations     | 1 |  1.3
Conjurations   | 1 |  1.0
Hexes          | 1 |  1.0
Summonings     | 1 |  1.0
Necromancy     | 1 |  1.0
Translocations | 1 |  1.0
Transmutations | 1 |  1.0
Fire Magic     | 1 |  1.0
Ice Magic      | 1 |  1.0
Air Magic      | 1 |  1.0
Earth Magic    | 1 |  1.0
Poison Magic   | 1 |  1.0
Fighting       | |  4.7
Long Blades    | |  4.7
Armour         | |  2.8
Dodging        | |  4.7
Charms         | |  5.5

Action                   |  1- 3 |  4- 6 || total
-------------------------+-------+-------++-------
Melee: Falchion          |    87 |       ||    87
       Bite              |    11 |    21 ||    32
       Morningstar       |    27 |   159 ||   186
       Punch             |       |     2 ||     2
Throw: Javelin           |       |     1 ||     1
 Cast: Infusion          |     3 |       ||     3
       Song of Slaying   |     4 |     3 ||     7
       Shroud of Golubri |     1 |       ||     1
       Regeneration      |       |     2 ||     2
  Use: Scroll            |     2 |     1 ||     3
       Potion            |       |     3 ||     3
 Stab: Sleeping          |     1 |       ||     1
  Eat: Chunk             |     1 |     4 ||     5
Armor: Leather armour    |    29 |    31 ||    60
Dodge: Dodged            |    87 |    79 ||   166
       Rpst.: Falchion   |    22 |       ||    22

Table legend:
 A = Non-vault XP
 B = Vault XP
 C = Vault XP percentage of total XP
 D = Non-vault monster count
 E = Vault monster count
 F = Vault count percentage of total count
                 A         B        C        D         E       F
            +---------+---------+-------+---------+---------+-------
      Total |     168 |       4 |   2.3 |      63 |       3 |   4.5
            +---------+---------+-------+---------+---------+-------
        D:1 |      52 |       0 |   0.0 |      30 |       0 |   0.0
        D:2 |      72 |       4 |   5.3 |      23 |       3 |  11.5
        D:3 |      44 |       0 |   0.0 |      10 |       0 |   0.0
            +---------+---------+-------+---------+---------+-------
